 Dungeon Crawl Stone Soup version 0.27.1-2-g3b301248ec (webtiles) character file.

Game seed: 4935892736564520545

2681 barney the Transmogrifier (level 9, -3/68 HPs)
             Began as a Red Draconian Transmuter on Sept 30, 2021.
             Was a Follower of Cheibriados.
             Slain by Erica (9 damage)
             ... on level 8 of the Dungeon.
             The game lasted 00:18:52 (11391 turns).

barney the Transmogrifier (DrTm)                   Turns: 11391, Time: 00:18:53

Health: -3/68      AC:  8    Str: 16    XL:     9   Next: 37%
Magic:  10/14      EV: 10    Int: 18    God:    Cheibriados [*.....]
Gold:   199        SH:  0    Dex: 17    Spells: 1/15 levels left

rFire    . . .     SeeInvis .     - Unarmed
rCold    + + +     Faith    .   (shield currently unavailable)
rNeg     . . .     Spirit   .   (armour unavailable)
rPois    +         Reflect  .   (helmet currently unavailable)
rElec    .         Harm     .   (cloak currently unavailable)
rCorr    .         Rampage  .   (gloves currently unavailable)
Will     .....     Clarity  +   (boots currently unavailable)
Stlth    +.........             a - amulet of magic regeneration
HPRegen  0.21/turn              b - ring of protection from fire
MPRegen  0.39/turn              (no ring)

@: about to teleport, short of breath, ice-form, contaminated, slowed, glowing,
very slow
A: freezing attack, amphibious, boosted hp, (breathe fire), AC +7, large,
unfitting armour, (fire resistance 1), (cold-blooded), thin skeletal structure
1, clarity, frail 1, strong 1
a: End Transformation, Renounce Religion, Bend Time


You were on level 8 of the Dungeon.
You worshipped Cheibriados.
Cheibriados was aware of your devotion.
You were a creature of crystalline ice.
You visited 2 branches of the dungeon, and saw 9 of its levels.

You collected 199 gold pieces.

Inventory:

Hand Weapons
 d - a +2 falchion of draining (melded)
Armour
 c - a +1 pair of gloves (melded)
Magical Staves
 g - a staff of poison
Jewellery
 a - an amulet of magic regeneration (around neck)
 b - a ring of protection from fire (left front paw)
Wands
 m - a wand of paralysis (3)
 n - a wand of flame (24)
Scrolls
 e - 7 scrolls of identify
 j - 3 scrolls of enchant armour
 k - a scroll of amnesia
Potions
 h - 3 potions of mutation
 l - 2 potions of degeneration


   Skills:
 - Level 1.1 Fighting
 - Level 1.7 Dodging
 - Level 3.0 Unarmed Combat
 - Level 3.9 Spellcasting
 + Level 11.7 Transmutations
 - Level 2.6 Ice Magic


You had one spell level left.
You knew the following spells:

 Your Spells              Type           Power      Damage    Failure   Level
a - Beastly Appendage     Tmut           90%        N/A       1%          1
b - Ice Form              Ice/Tmut       29%        N/A       8%          4
c - Wereblood             Tmut           45%        N/A       1%          2
d - Dragon Form           Tmut           22%        N/A       71%         7

Your spell library contained the following spells:

 Spells                   Type           Power      Damage    Failure   Level
 Spider Form              Tmut/Pois      12%        N/A       4%          3
 Gell's Gravitas          Tloc           1%         N/A       41%         3
 Lesser Beckoning         Tloc           1%         N/A       41%         3
 Teleport Other           Tloc           3%         N/A       41%         3
 Cause Fear               Hex            1%         N/A       83%         4
 Dragon's Call            Summ           1%         N/A       100%        9


Dungeon Overview and Level Annotations

Branches:
Dungeon (8/15)             Temple (1/1) D:7
   Lair: D:8-11

Altars:
Ashenzari
Cheibriados
Dithmenos
Elyvilon
Fedhas
Gozag
Hepliaklqana
Kikubaaqudgha
Makhleb
Nemelex Xobeh
Okawaru
Qazlal
Sif Muna
Trog
Vehumet
Wu Jian
Xom
Yredelemnul
Zin
The Shining One

Annotations:
D:8 Erica


Innate Abilities, Weirdness & Mutations

You are a creature of crystalline ice.
You have a powerful freezing melee attack.
You are amphibious.
Your maximum health is increased.
Your armour is entirely melded.
You are incapable of wielding weapons or throwing items.
((You can breathe blasts of fire.))
((Your fiery red scales are hard. (AC +7)))
You cannot fit into any form of body armour.
((Your flesh is heat resistant. (rF+)))
((You are cold-blooded and may be slowed by cold attacks.))
You have a somewhat thin skeletal structure. (Dex +2, Stealth+)
You possess an exceptional clarity of mind.
You are frail. (-10% HP)
Your muscles are strong. (Str +2)


Message History

You turn into a creature of crystalline ice.
Your +2 falchion of draining melds into your body.
Your +1 pair of gloves melds into your body.
Something hits you! Something melts you.
You hear some strange, mumbled words.
Something tries to affect you, but you resist.
You hit something. You freeze something. Something hits you!
Something melts you.
You punch something! You freeze something. Something hits you.
Something melts you. Something hits you but does no damage.
You punch something! You freeze something.
You hear some strange, mumbled words.
A bolt of poison appears from out of thin air!
The bolt of poison hits you. You resist.
You hit something. You freeze something. Something hits you!
Something melts you.
* * * LOW HITPOINT WARNING * * *
You feel better. Something hits you. Something melts you.
You hear some strange, mumbled words.
A bolt of poison appears from out of thin air!
The bolt of poison misses you.
You closely miss something. Something hits you!
* * * LOW HITPOINT WARNING * * *
Something melts you.
* * * LOW HITPOINT WARNING * * *
As you read the scroll of teleportation, it crumbles to dust.
You feel strangely unstable. Something hits you.
* * * LOW HITPOINT WARNING * * *
Something melts you.
* * * LOW HITPOINT WARNING * * *
Something hits you.
* * * LOW HITPOINT WARNING * * *
Something melts you.
* * * LOW HITPOINT WARNING * * *
Okay, then.
Okay, then.
Okay, then.
Okay, then.
You barely miss something. Something hits you!
You die...

#.########.#
#.#
#.#......#.#
#.#
#.#.####.#..
#.#
#.#.#..#.#.#
#.#
#.#....#.#.#
#.#
#.###.##...#
#.# #.#
#.#..... #{#
#.# #.#.....
#Y# #.#
#.######
#.#####.#
#.......
#.......#
########
#########


There were no monsters in sight!

Vanquished Creatures
  An ugly thing (D:5)
  A water moccasin (D:7)
  2 orc warriors
  An ice beast (D:5)
  A sky beast (D:7)
  A necrophage (D:5)
  3 ogres
  A phantom (D:6)
  A kobold brigand (D:7)
  A bullfrog (D:7)
  A wyvern zombie (D:4)
  3 scorpions
  2 water moccasin skeletons (D:5)
  6 killer bees (D:8)
  2 centaur zombies
  A bullfrog zombie (D:7)
  A hound (D:6)
  An orc priest (D:4)
  A jelly (D:6)
  Terence (D:3)
  6 iguanas
  2 orc wizards
  A hound skeleton (D:5)
  A howler monkey zombie (D:8)
  A gnoll (D:1)
  13 adders
  A shadow imp (D:5)
  A worm (D:4)
  A dart slug (D:2)
  12 orcs
  4 endoplasms
  6 giant cockroaches
  11 goblins
  5 hobgoblins
  7 jackals (D:2)
  10 kobolds
  5 quokkas
  4 ball pythons
  4 bats
  2 frilled lizards
  6 rats
135 creatures vanquished.

Vanquished Creatures (others)
  A fungus (D:4)
1 creature vanquished.

Grand Total: 136 creatures vanquished

Notes
Turn   | Place    | Note
-------+----------+-------------------------------------------
     0 | D:1      | barney the Draconian Transmuter began the quest for the
                  | Orb.
     0 | D:1      | Reached XP level 1. HP: 16/16 MP: 3/3
    66 | D:1      | Found a faded altar of an unknown god.
   728 | D:1      | Reached XP level 2. HP: 23/23 MP: 3/5
   953 | D:1      | Reached skill level 3 in Transmutations
  1185 | D:1      | Reached XP level 3. HP: 23/28 MP: 6/6
  1709 | D:2      | Reached skill level 4 in Transmutations
  2012 | D:2      | Reached XP level 4. HP: 35/35 MP: 7/7
  2074 | D:2      | Learned a level 4 spell: Ice Form
  2077 | D:2      | Learned a level 2 spell: Wereblood
  2547 | D:3      | Noticed Terence
  2563 | D:3      | Killed Terence
  2564 | D:3      | Reached skill level 1 in Ice Magic
  2855 | D:3      | Gained mutation: You possess an exceptional clarity of
                  | mind. [potion of mutation]
  2855 | D:3      | Gained mutation: You have a somewhat thin skeletal
                  | structure. (Dex +2, Stealth+) [potion of mutation]
  2855 | D:3      | Gained mutation: Your muscles are strong. (Str +2) [potion
                  | of mutation]
  3195 | D:3      | Found a shadowy altar of Dithmenos.
  4177 | D:4      | Reached XP level 5. HP: 35/40 MP: 3/8
  4285 | D:4      | Found a stormy altar of Qazlal.
  4295 | D:4      | Reached skill level 5 in Transmutations
  4535 | D:4      | Found a burning altar of Makhleb.
  4930 | D:4      | Reached XP level 6. HP: 15/47 MP: 5/9
  5233 | D:4      | Identified a scroll of acquirement
  5233 | D:4      | Acquired a book of the Dragon
  5341 | D:5      | Entered Level 5 of the Dungeon
  5417 | D:5      | Reached skill level 6 in Transmutations
  6003 | D:5      | Noticed an orc warrior
  6632 | D:4      | Your scales start taking on a fiery red colour.
  6632 | D:4      | Reached XP level 7. HP: 48/52 MP: 10/10
  6632 | D:4      | Gained mutation: Your flesh is heat resistant. (rF+) [Red
                  | Draconian growth]
  6723 | D:5      | Reached skill level 7 in Transmutations
  6850 | D:5      | Reached skill level 8 in Transmutations
  7468 | D:5      | Found a hazy altar of Hepliaklqana.
  7670 | D:5      | Reached XP level 8. HP: 25/59 MP: 11/11
  8179 | D:6      | Reached skill level 9 in Transmutations
  8190 | D:6      | Noticed a green ugly thing
  8206 | D:5      | Killed a green ugly thing
  8571 | D:6      | Learned a level 7 spell: Dragon Form
  8817 | D:7      | Found a staircase to the Ecumenical Temple.
  8958 | D:6      | Reached skill level 10 in Transmutations
 10105 | Temple   | Entered the Ecumenical Temple
 10321 | Temple   | Became a worshipper of Cheibriados the Contemplative
 10548 | D:7      | Reached XP level 9. HP: 60/64 MP: 14/14
 10628 | D:7      | Noticed a cyclops
 10696 | D:7      | Found an opulent altar of Gozag.
 10848 | D:7      | Reached skill level 11 in Transmutations
 11048 | D:8      | Reached * piety under Cheibriados
 11377 | D:8      | Noticed Erica
 11380 | D:8      | Gained mutation: You are frail. (-10% HP) [mutagenic glow]
 11391 | D:8      | Slain by Erica

Illustrated notes

Levels and vault maps discovered:
D:1:      minmay_arrival_four_loops, layout_basic,
          shapermc_ecumenical_altar_notcrosses, minmay_tiny_reverse_x
D:2:      layout_rooms, hangedman_abyss_or_decor_lesser_grid,
          chequers_serial_rivers_micro_e
D:3:      layout_basic, mainiacjoe_overflow_chevrons, kennysheep_donut,
          chequers_serial_rivers_marsh, corexii_leaking_fountain,
          supply_closet_lemuel, minivault_27, uniq_terence
D:4:      layout_basic, mainiacjoe_overflow_boulevard,
          lemuel_coloured_pillars_altar
D:5:      layout_rooms, mainiacjoe_overflow_alcove_2
D:6:      layout_loops_cross, marbit_many_paths
D:7:      layout_loops_ring, grunt_gozag_breadcrumbs,
          minmay_temple_entry_large_hall, minmay_misc_feat_encased
D:8:      layout_basic, st_stairs_12, uniq_erica
Temple:   bh_familiar_temple

Skill      XL: |  1  2  3  4  5  6  7  8  9 |
---------------+----------------------------+-----
Transmutations | 3 4 5 6 8 10 11 | 11.7
Ice Magic      | 2 3 2 |  2.6
Spellcasting   | 3 |  3.9
Fighting       | |  1.1
Dodging        | |  1.7
Unarmed Combat | |  3.0

Action                   |  1- 3 |  4- 6 |  7- 9 || total
-------------------------+-------+-------+-------++-------
Melee: Unarmed           |   114 |    98 |   118 ||   330
       Kick              |    17 |    23 |    13 ||    53
       Headbutt          |    11 |    11 |    12 ||    34
       Tailslap          |     8 |    13 |    15 ||    36
       Punch             |     2 |     2 |       ||     4
       Falchion          |       |    61 |    60 ||   121
 Cast: Beastly Appendage |    21 |    25 |     9 ||    55
       Ice Form          |       |     6 |    11 ||    17
       Wereblood         |       |       |     1 ||     1
 Abil: Breathe Fire      |       |       |    10 ||    10
  Use: Potion            |       |     8 |     2 ||    10
       Scroll            |       |     9 |     3 ||    12
 Stab: Sleeping          |       |     1 |     2 ||     3
Armor: Skin              |    45 |    57 |    96 ||   198
Dodge: Dodged            |   102 |    91 |   132 ||   325
       Rpst.: Falchion   |       |    15 |    15 ||    30
